 Dungeon Crawl Stone Soup version 0.25-a0-869-g05d4e06a41 (webtiles) character file.

Game seed: 9468354359325532547, levelgen mode: deterministic

155 Maedhros the Sneak (level 5, 0/33 HPs)
             Began as an Octopode Artificer on May 1, 2020.
             Succumbed to an adder's poison
             ... in a sewer.
             The game lasted 00:02:27 (1355 turns).

Maedhros the Sneak (Octopode Artificer)             Turns: 1355, Time: 00:02:28

Health: 0/33       AC:  1    Str: 11    XL:     5   Next: 37%
Magic:  7/7        EV: 10    Int: 13    God:
Gold:   59         SH:  0    Dex: 14    Spells: 4/4 levels left

rFire    . . .     SeeInvis .   g - +2 dagger (venom)
rCold    . . .     Gourm    .   (no shield)
rNeg     . . .     Faith    .   (helmet restricted)
rPois    .         Spirit   .   (no amulet)
rElec    .         Reflect  .   (no ring)
rCorr    .         Harm     .   (no ring)
MR       .....                  (no ring)
Stlth    +++++.....             (no ring)
HPRegen  0.11/turn              (no ring)
MPRegen  0.10/turn              (no ring)
                                (no ring)
                                (no ring)

@: lethally poisoned (0 -> -6), mesmerised, constricted
A: almost no armour, stealthy swim, amphibious, 8 rings, constrict 8, camouflage
1, gelatinous body 1
a: no special abilities


You were in a sewer.
You were not hungry.

You visited 1 branch of the dungeon, and saw 3 of its levels.
You also visited: Sewer.

You collected 59 gold pieces.

Inventory:

Hand Weapons
 a - a +0 short sword
 g - a +2 dagger of venom (weapon)
Missiles
 j - 7 curare-tipped darts (quivered)
Wands
 b - a wand of flame (15)
 c - a wand of enslavement (5)
 d - a wand of random effects (13)
Scrolls
 h - 5 scrolls of teleportation
 k - a scroll of remove curse {unknown}
 l - a scroll of immolation {unknown}
 m - a scroll of noise {unknown}
Potions
 e - 4 potions of flight
Comestibles
 f - 4 rations
 i - a chunk of flesh


   Skills:
 - Level 1.0 Fighting
 - Level 1.0 Short Blades
 - Level 2.0 Dodging
 - Level 4.0 Stealth
 + Level 4.0 Unarmed Combat
 - Level 3.2 Evocations


You had 4 spell levels left.
You didn't know any spells.
Your spell library was empty.

Dungeon Overview and Level Annotations

Branches:
Dungeon (3/15)              Sewer (1/1)

Altars:
Qazlal

Annotations:
D:2 1 runed translucent door, Crazy Yiuf


Innate Abilities, Weirdness & Mutations

You cannot wear most types of armour.
You are very stealthy in the water. (Stealth+)
You are amphibious.
You can wear up to eight rings at the same time.
You can use your tentacles to constrict eight enemies at once.
Your skin changes colour to match your surroundings (Stealth+).
Your rubbery body absorbs attacks. (AC +1, EV +1)


Message History

The malarious merfolk avatar chants its luring song.
Unknown command.
Evoke which item? (* to show all) (? for menu, Esc to quit)
Aiming: Enslavement
Press: ? - help, Shift-Dir - straight line, f - ball python
Aim: a ball python (chance to defeat MR: 72%)
The ball python struggles to resist.
* * * LOW HITPOINT WARNING * * *
You feel sick. The giant cockroach bites you.
* * * LOW HITPOINT WARNING * * *
The ball python closely misses you. The ball python grabs you.
* * * LOW HITPOINT WARNING * * *
The ball python constricts you.
The malarious merfolk avatar chants its luring song.
Evoke which item? (* to show all) (? for menu, Esc to quit)
Aiming: Enslavement
Press: ? - help, Shift-Dir - straight line, f - ball python
Aim: a ball python (constricting you, chance to defeat MR: 72%)
The ball python struggles to resist.
You die...

# ≈≈≈≈≈≈. # ≈≈≈≈≈≈. ####
# ≈≈≈≈≈≈. #..# # ≈≈≈m≈≈.
#..# ## ≈≈≈≈l≈≈###..#
####≈
≈≈≈≈≈l≈≈≈#..########†≈≈≈
≈≈≈≈≈≈S≈≈≈≈≈≈≈≈≈≈≈≈≈#≈≈.
≈≈≈≈≈≈S@≈#..#########≈..
≈≈≈≈≈≈s###.†# #≈†.†...#
≈≈≈≈≈≈≈ ##.## #≈†######
≈≈≈≈≈≈# #..###..# ≈≈≈≈≈≈
##.....## ≈≈≈≈≈≈ #######
≈≈≈≈≈ ≈≈≈≈≈


You could see a malarious merfolk avatar, a giant cockroach, a ball python, 2
frilled lizards and a friendly adder.

Vanquished Creatures
  2 merfolk sirens (Sewer)
  3 adders
  5 river rats (Sewer)
  A worm (D:2)
  A dart slug (D:2)
  3 leopard geckos
  An orc (D:3)
  5 giant cockroaches
  A hobgoblin (D:2)
  A quokka (D:2)
  A ball python (Sewer)
  2 bats
  4 frilled lizards
  2 goblins (D:2)
  3 kobolds
  21 rats
56 creatures vanquished.

Vanquished Creatures (collateral kills)
  A goblin (D:2)
  A ball python (Sewer)
  A rat (Sewer)
3 creatures vanquished.

Vanquished Creatures (others)
  A worm (D:2)
  A ball python (Sewer)
  A rat (Sewer)
3 creatures vanquished.

Grand Total: 62 creatures vanquished

Notes
Turn   | Place    | Note
-------+----------+-------------------------------------------
     0 | D:1      | Maedhros the Octopode Artificer began the quest for the
                  | Orb.
     0 | D:1      | Reached XP level 1. HP: 13/13 MP: 3/3
   158 | D:2      | Found a stormy altar of Qazlal.
   194 | D:2      | Reached XP level 2. HP: 16/18 MP: 4/4
   380 | D:2      | Reached XP level 3. HP: 13/23 MP: 5/5
   630 | D:2      | Found a runed translucent door.
   631 | D:2      | Noticed Crazy Yiuf
   716 | D:2      | Reached skill level 1 in Unarmed Combat
   963 | D:3      | Found a glowing drain.
   973 | Sewer    | Entered a sewer
  1006 | Sewer    | Reached XP level 4. HP: 11/28 MP: 6/6
  1156 | Sewer    | Reached XP level 5. HP: 7/33 MP: 7/7
  1348 | Sewer    | Noticed a malarious merfolk avatar
  1354 | Sewer    | HP: 1/33 [ball python (1)]
  1355 | Sewer    | Succumbed to an adder's poison

Levels and vault maps discovered:
D:1:      dpeg_chamrin_arrival_tetris, layout_basic, minmay_pentomino_w4
D:2:      layout_loops_corners, grunt_qazlal_clouds, tgw_xom,
          uniq_crazy_yiuf_cottage
D:3:      layout_basic, lemuel_doored_altar, first_ration, portal_sewer_entry_d
Sewer:    sewer_sea

Skill      XL: |  1  2  3  4  5 |
---------------+----------------+-----
Stealth        | 2 4 |  4.0
Unarmed Combat | 2 3 4 |  4.0
Fighting       | |  1.0
Short Blades   | |  1.0
Dodging        | |  2.0
Evocations     | |  3.2

Action                   |  1- 3 |  4- 6 || total
-------------------------+-------+-------++-------
Melee: Short sword       |    37 |       ||    37
       Constrict         |     8 |    11 ||    19
       Tentacles         |     5 |    11 ||    16
       Dagger            |    15 |    42 ||    57
       Punch             |       |     1 ||     1
Evoke: Wand              |     2 |    10 ||    12
  Use: Potion            |     2 |     1 ||     3
       Scroll            |       |     1 ||     1
 Stab: Sleeping          |    11 |     4 ||    15
  Eat: Chunk             |       |     1 ||     1
Armor: Skin              |     5 |     3 ||     8
Dodge: Dodged            |    31 |    36 ||    67

Table legend:
 A = Non-vault XP
 B = Vault XP
 C = Vault XP percentage of total XP
 D = Non-vault monster count
 E = Vault monster count
 F = Vault count percentage of total count
                 A         B        C        D         E       F
            +---------+---------+-------+---------+---------+-------
      Total |      52 |     170 |  76.6 |      23 |      36 |  61.0
            +---------+---------+-------+---------+---------+-------
        D:1 |       2 |       0 |   0.0 |       2 |       0 |   0.0
        D:2 |      46 |       0 |   0.0 |      19 |       0 |   0.0
        D:3 |       4 |      13 |  76.5 |       2 |       1 |  33.3
      Sewer |       0 |     157 | 100.0 |       0 |      35 | 100.0
            +---------+---------+-------+---------+---------+-------
